 Dungeon Crawl Stone Soup version 0.18.1-48-g4cf74bf (webtiles) character file.

43 MistressOfTheDunes the Insei (level 3, 0/29 HPs)
             Began as a Mummy Monk on July 19, 2016.
             Slain by a hound (5 damage)
             ... on level 2 of the Dungeon.
             The game lasted 00:01:29 (1485 turns).

MistressOfTheDunes the Insei (Mummy Monk)           Turns: 1485, Time: 00:01:29

Health: 0/29       AC:  1    Str: 14    XL:     3   Next: 37%
Magic:  3/3        EV: 13    Int:  9    God:
Gold:   151        SH:  0    Dex: 15    Spells: 0 memorised, 2 levels left

rFire  x . .     SeeInvis .       - Unarmed
rCold  + . .     Gourm    .     (no armour)
rNeg   + + +     Faith    .     (no shield)
rPois  ∞         Spirit   .     (no helmet)
rElec  .         Dismiss  .     b - +0 cloak
rCorr  .         Reflect  .     (no gloves)
SustAt .         Harm     .     (no boots)
MR     .....                    (no amulet)
Stlth  ++........               (no ring)
                                (no ring)

@: not resistant to hostile enchantments, unstealthy
A: no food or potions, fire vulnerability, cold resistance 1, negative energy
resistance 3, torment resistance, unbreathing
a: no special abilities


You were on level 2 of the Dungeon.
You were not hungry.

You visited 1 branch of the dungeon, and saw 2 of its levels.

You collected 151 gold pieces.


Innate Abilities, Weirdness & Mutations

You do not eat or drink.
Your flesh is vulnerable to fire.
You are immune to poison.
Your flesh is cold resistant.
You are immune to negative energy.
You are immune to unholy pain and torment.
You can survive without breathing.


   Skills:
 - Level 3.0 Fighting
 - Level 2.4 Dodging
 - Level 1.5 Stealth
 + Level 4.3 Unarmed Combat


You had 2 spell levels left.
You didn't know any spells.

Inventory:

Armour
 b - a +0 cloak (worn)
 e - a gold dragon hide
Scrolls
 a - a scroll of remove curse {unknown}
 c - a scroll of noise {unknown}
 d - 2 scrolls of identify {unknown}
 f - a scroll of teleportation {unknown}

Dungeon Overview and Level Annotations

Branches:
Dungeon (2/15)

Altars:

▒..▒..........▒
....▒▒..........▒ ▒▒▒▒
▒...†......▒ ▒▒.▒▒.▒.▒▒▒▒
▒▒▒▒▒▒▒▒▒ ...▒▒.▒.▒ ▒.......▒
▒▒▒.▒▒.▒.▒ ▒.......▒ .▒
▒...▒▒.▒.▒ ▒.......▒ (▒
.......▒.▒▒▒▒▒▒.......▒ ..
............Mhhg......▒ ...
........▒▒▒▒▒▒▒.......▒
............▒▒▒▒▒.........▒▒▒▒
▒▒..▒▒▒▒▒..▒......▒..........▒
▒..▒▒▒...▒.▒▒▒▒▒▒.....P.P..▒
▒..▒▒.....▒ ▒...▒▒▒'▒▒▒▒
▒....▒..▒▒ .....▒ '...▒ ▒
▒...)....▒ ......▒▒▒...▒
▒▒▒▒▒...▒..... .......▒ +...▒


You could see 2 hounds and a gnoll.


Message History

The hound barks!!!
The gnoll shouts!!!
The hound barks!!!
The hound bites you!
There is an open door here!
A gnoll opens the door!
The hound completely misses you!
A kobold comes into view!
The hound barely misses you! The hound bites you but does no damage!
The hound bites you! The hound barely misses you! The hound misses you!
You miss the hound! The hound bites you! * * * don't die
* * * The hound bites you! * * * don't die
* * * You barely miss the hound!
The hound bites you! * * * don't die
* * * You closely miss the hound!
The hound closely misses you!
You closely miss the hound! The hound bites you! * * * don't die
* * * The hound closely misses you!
You squash the hound like an ant!
The hound is lightly wounded!
The hound misses you!
You completely miss the hound!
The hound is lightly wounded!
The hound misses you! The hound barely misses you!
You miss the hound!
The hound is lightly wounded!
The hound bites you! rip

Action                   || total
-------------------------++-------
Melee: Unarmed           ||   115
       Punch             ||     4
 Stab: Sleeping          ||     2
Armor: Skin              ||     3
Dodge: Dodged            ||    69

Vault maps used:
D:1:      wheals_arrival_linesprint, serial_curves, eino_curves_02,
          eino_curves_03
D:2:      cheibrodos_gnoll_hut

Notes
Turn   | Place    | Note
--------------------------------------------------------------
     0 | D:1      | MistressOfTheDunes the Mummy Monk began the quest for the Orb.
     0 | D:1      | Reached XP level 1. HP: 18/18 MP: 1/1
   235 | D:1      | Reached XP level 2. HP: 11/24 MP: 2/2
   848 | D:1      | Reached skill level 4 in Unarmed Combat
  1100 | D:2      | Reached XP level 3. HP: 16/29 MP: 3/3
  1485 | D:2      | Slain by a hound

Vanquished Creatures
  An ooze (D:1)
  2 dart slugs
  4 giant geckos
  A ball python (D:1)
  2 bats
  7 hobgoblins
  3 kobolds
  A quokka (D:2)
  3 giant newts (D:1)
  2 goblins
  3 rats
29 creatures vanquished.
